 Dungeon Crawl Stone Soup version 0.27-a0-1232-gc6a4cbde82 (webtiles) character file.

Game seed: 9204640327137867896

195 mordus the Cudgeller (level 5, -6/53 HPs)
             Began as a Troll Monk on June 8, 2021.
             Mangled by a gnoll
             ... wielding a +0 halberd
              (11 damage)
             ... on level 3 of the Dungeon.
             The game lasted 00:02:49 (1864 turns).

mordus the Cudgeller (Troll Monk)                   Turns: 1864, Time: 00:02:49

Health: -6/53      AC:  5    Str: 19    XL:     5   Next: 45%
Magic:  4/4        EV: 10    Int:  6    God:
Gold:   90         SH:  0    Dex: 13    Spells: 4/4 levels left

rFire    . . .     SeeInvis .   a - +0 mace
rCold    . . .     Faith    .   (no shield)
rNeg     . . .     Spirit   .   b - +0 robe
rPois    .         Reflect  .   (helmet restricted)
rElec    .         Harm     .   j - +0 cloak
rCorr    .         Rampage  .   (gloves unavailable)
Will     .....                  (boots unavailable)
Stlth    ++........             (no amulet)
HPRegen  1.17/turn              (no ring)
MPRegen  0.09/turn              (no ring)

@: slowed, very slow
A: large, unfitting armour, claws 3, regeneration 1, shaggy fur 1, tough skin 1
a: no special abilities


You were on level 3 of the Dungeon.
You visited 1 branch of the dungeon, and saw 3 of its levels.

You collected 90 gold pieces.

Inventory:

Hand Weapons
 a - a +0 mace (weapon)
Armour
 b - a +0 robe (worn)
 j - a +0 cloak (worn)
Scrolls
 c - 3 scrolls of identify
 e - 2 scrolls of teleportation {unknown}
 g - 2 scrolls of magic mapping {unknown}
 i - 2 scrolls of noise {unknown}
Potions
 d - a potion of flight {unknown}
 f - a potion of curing {unknown}
 h - 2 potions of haste


   Skills:
 + Level 3.1 Fighting
 * Level 4.1 Maces & Flails
 + Level 1.6 Armour
 + Level 3.1 Dodging
 - Level 1.0 Stealth


You had 4 spell levels left.
You didn't know any spells.
Your spell library contained the following spells:

 Spells                   Type           Power      Damage    Failure   Level
 Foxfire                  Conj/Fire      0%         2x1d4     45%         1
 Cause Fear               Hex            0%         N/A       99%         4
 Dragon Form              Tmut           0%         N/A       100%        7
 Dragon's Call            Summ           0%         N/A       100%        9


Dungeon Overview and Level Annotations

Branches:
Dungeon (3/15)

Altars:

Annotations:
D:3 Natasha


Innate Abilities, Weirdness & Mutations

You are too large for most types of armour.
You have claws for hands.
Your natural rate of healing is unusually fast.
You are covered in fur. (AC +1)
You have tough skin. (AC +1)


Message History

The gnoll hits you from afar with a +0 halberd!
The ball python bites you but does no damage.
You closely miss Natasha.
Natasha is moderately wounded.
Natasha claws you.
The ball python bites you but does no damage.
The gnoll closely misses you.
Natasha stares at you and mumbles some strange words.
The magic dart hits you. The ball python closely misses you.
The gnoll barely misses you.
You hit Natasha but do no damage.
Natasha is moderately wounded.
The ball python bites you but does no damage.
Natasha claws you but does no damage.
The gnoll hits you from afar with a +0 halberd!
The ball python bites you but does no damage.
Natasha mumbles some strange words.
You hit Natasha.
Natasha is moderately wounded.
The gnoll hits you from afar with a +0 halberd!
* * * LOW HITPOINT WARNING * * *
The ball python barely misses you. Natasha claws you.
* * * LOW HITPOINT WARNING * * *
The gnoll hits you from afar with a +0 halberd.
* * * LOW HITPOINT WARNING * * *
The ball python bites you.
* * * LOW HITPOINT WARNING * * *
As you read the scroll labelled ALYXKI YMOETOSS, it crumbles to dust.
It is a scroll of identify.
h - 2 potions of haste Natasha claws you but does no damage.
The ball python bites you.
* * * LOW HITPOINT WARNING * * *
The gnoll closely misses you. Natasha claws you.
* * * LOW HITPOINT WARNING * * *
The ball python barely misses you. The gnoll closely misses you.
You closely miss Natasha.
Natasha is moderately wounded.
The ball python closely misses you. Natasha closely misses you.
The gnoll hits you from afar with a +0 halberd!
You die...

###### .. ....# ..#
...# ...# .. ...# ..#
..##### ..# ..# .....$
.5# .# #.... #r# ##
#$... #h# # ..w #@# .
#### ..####†###S# #..
...####......g.gw##...
.....###............#
......####.......#..#
.####..# ####....##.#
)..##..## ####.# .#
....#...# ###...# #
....#...# ##.....#


You could see Natasha, a gnoll, a white imp (summoned), a dart slug, a ball
python and a rat.

Vanquished Creatures
  A howler monkey (D:3)
  Terence (D:2)
  Natasha (D:3)
  2 gnolls (D:3)
  4 adders
  2 dart slugs
  An orc (D:2)
  8 endoplasms
  2 giant cockroaches
  3 goblins
  4 hobgoblins
  2 jackals (D:2)
  4 quokkas
  2 ball pythons (D:2)
  3 bats
  6 kobolds
  2 rats
48 creatures vanquished.

Notes
Turn   | Place    | Note
-------+----------+-------------------------------------------
     0 | D:1      | mordus the Troll Monk began the quest for the Orb.
     0 | D:1      | Reached XP level 1. HP: 22/22 MP: 0/0
   237 | D:1      | Reached XP level 2. HP: 29/29 MP: 1/1
   256 | D:1      | Reached skill level 3 in Maces & Flails
   854 | D:2      | Found a faded altar of an unknown god.
   906 | D:2      | Noticed Terence
   958 | D:2      | Reached XP level 3. HP: 26/36 MP: 2/2
  1029 | D:2      | Killed Terence
  1030 | D:2      | Reached skill level 1 in Armour
  1562 | D:3      | Reached XP level 4. HP: 30/44 MP: 3/3
  1722 | D:3      | Reached XP level 5. HP: 53/53 MP: 4/4
  1748 | D:3      | Noticed Natasha
  1751 | D:3      | Reached skill level 4 in Maces & Flails
  1793 | D:3      | Killed Natasha
  1854 | D:3      | Noticed Natasha
  1863 | D:3      | HP: 2/53 [Natasha (2)]
  1864 | D:3      | Mangled by a gnoll

Illustrated notes

Levels and vault maps discovered:
D:1:      dpeg_arrival_water_fire, layout_basic
D:2:      layout_basic, hellmonk_ecumenical_altar_crossroads,
          minmay_tetromino_s2, uniq_terence
D:3:      minmay_recursive_quarters, layout_rooms, uniq_natasha, uniq_grinder

Skill      XL: |  1  2  3  4  5 |
---------------+----------------+-----
Maces & Flails | 3 4 |  4.1
Armour         | 1 |  1.6
Dodging        | 3 |  3.1
Fighting       | 3 |  3.1
Stealth        | |  1.0

Action                   |  1- 3 |  4- 6 || total
-------------------------+-------+-------++-------
Melee: Mace              |   112 |   106 ||   218
  Use: Scroll            |       |     1 ||     1
 Stab: Sleeping          |     4 |       ||     4
       Distracted        |       |     1 ||     1
Armor: Robe              |    34 |    49 ||    83
Dodge: Dodged            |    63 |    76 ||   139

Table legend: (Time is in decaauts)
 A = Elapsed time spent in this place.
 B = Non-inter-level travel time spent in this place.
 C = Inter-level travel time spent in this place.
 D = Time resting spent in this place.
 E = Time spent auto-exploring this place.
 F = Levels seen in this place.
 G = Mean time per level.
                   A        B        C        D        E       F      G
               +--------+--------+--------+--------+--------+-----+--------+
         Total |   1928 |   1911 |     17 |     12 |   1385 |   3 |  642.7 |
       Dungeon |   1928 |   1911 |     17 |     12 |   1385 |   3 |  642.7 |
               +--------+--------+--------+--------+--------+-----+--------+

Top non-repeatable levels by time:
     D:1: 814 daAuts
     D:2: 754 daAuts
     D:3: 360 daAuts
